 Dungeon Crawl Stone Soup version 0.29-a0-270-g1586fc07ea (webtiles) character file.

Game seed: 8689046825680398748

56 spaghetti the Skirmisher (level 3, -2/29 HPs)
             Began as a Demonspawn Berserker on Mar 7, 2022.
             Was a Believer of Trog.
             Succumbed to an adder's poison
             ... on level 2 of the Dungeon.
             The game lasted 00:02:30 (1443 turns).

spaghetti the Skirmisher (Demonspawn Berserker)     Turns: 1443, Time: 00:02:31

Health: -2/29      AC:  2    Str: 19    XL:     3   Next: 69%
Magic:  3/3        EV: 12    Int:  8    God:    Trog [**....]
Gold:   84         SH:  4    Dex: 12    Spells: 2/2 levels left

rFire   . . .      SeeInvis .     - Unarmed
rCold   . . .      Faith    .   (no shield)
rNeg    . . .      Spirit   .   b - +0 animal skin
rPois   .          Reflect  .   (no helmet)
rElec   .          Harm     .   (no cloak)
rCorr   .          Rampage  .   (no gloves)
Will    .....                   (no boots)
Stlth   +.........              (no amulet)
HPRegen 0.09/turn               (no ring)
MPRegen 0.08/turn               (no ring)

@: mighty, lethally poisoned (-2 -> -11), on berserk cooldown, flying, slowed,
very slow
A: claws 1, condensation shield
a: Renounce Religion, Berserk, Trog's Hand


You were on level 2 of the Dungeon.
You worshipped Trog.
Trog was pleased with you.
You visited 1 branch of the dungeon, and saw 2 of its levels.

You collected 84 gold pieces.


Innate Abilities, Weirdness & Mutations

You have sharp fingernails.
A meltable shield of frost defends you. (SH +4)


   Skills:
 + Level 3.5 Fighting
 - Level 2.6 Polearms
 - Level 1.7 Armour
 - Level 1.7 Dodging
 - Level 2.5 Unarmed Combat


You had 2 spell levels left.
You didn't know any spells.
Your spell library contained the following spells:

 Spells                   Type           Power      Damage    Failure   Level
 Apportation              Tloc           0%         N/A       41%         1
 Gell's Gravitas          Tloc           0%         N/A       78%         3
 Lesser Beckoning         Tloc           0%         N/A       78%         3
 Teleport Other           Tloc           0%         N/A       78%         3
 Alistair's Intoxication  Tmut/Pois      0%         N/A       100%        5

Inventory:

Hand Weapons
 a - a +4 hunting sling {sling}
   (You found it on level 1 of the Dungeon)
 e - a +0 club {mace}
   (You took it off a goblin on level 1 of the Dungeon)
 f - a +0 dagger of draining {short}
   (You took it off a goblin on level 1 of the Dungeon)
 g - a +0 spear {polearm}
 h - a +0 hunting sling {sling}
   (You found it on level 1 of the Dungeon)
 i - a +0 club {mace}
   (You took it off a goblin on level 1 of the Dungeon)
 j - a +0 dagger {short}
   (You took it off a goblin on level 1 of the Dungeon)
 k - a +0 short sword {short}
   (You took it off a kobold on level 1 of the Dungeon)
 m - a +0 dagger {short}
   (You took it off a goblin on level 1 of the Dungeon)
 n - a +0 whip {mace}
   (You took it off a kobold on level 1 of the Dungeon)
 o - a +0 short sword {short}
   (You took it off a kobold on level 1 of the Dungeon)
 p - a +0 club {mace}
   (You took it off a goblin on level 1 of the Dungeon)
 q - a +0 dagger {short}
   (You found it on level 1 of the Dungeon)
 t - a +0 mace {mace}
   (You found it on level 1 of the Dungeon)
Missiles
 l - 56 stones (quivered) {throwing}
 s - 4 boomerangs {throwing}
Armour
 b - a +0 animal skin (worn)
Potions
 d - 2 potions of flight

Dungeon Overview and Level Annotations

Branches:
Dungeon (2/15)

Altars:

Annotations:
D:1 2 transporters
D:2 Terence

...?. ..#
.....##.#
#...##.#
.###.>.##.######
..!............#.
................
#........#
#.)S@@..#
#.####### #.##..
#..#.# ##.#.#
#.#.# #...####.##
##.......<#
#..####.##


You could see Terence and an adder.


Message History

No target in view!
No target in view!
No target in view!
No target in view!
You see here a hobgoblin corpse.
A rat comes into view.
A rat is nearby! 😎 HP[+3]
Your hp is fully restored (29).
You block the rat's attack.
You barely miss the rat. The rat closely misses you.
You scratch the rat.
You kill the rat!
Trog accepts your kill.
No target in view!
No target in view!
No target in view!
No target in view!
No target in view!
No target in view!
No target in view!
No target in view!
You see here a rat corpse.
Found a stone staircase leading up.
Found an escape hatch in the floor.
No target in view!
No target in view!
No target in view!
No target in view!
An orc comes into view. It is wielding a +0 club.
An orc is nearby!
A hobgoblin and an orc come into view.
The hobgoblin shouts!
The orc shouts! x2; You hear a shout!
You hear an angry hiss.
You scratch the orc.
You kill the orc!
Trog accepts your kill.
You can now call upon Trog for regeneration and willpower.
A red film seems to cover your vision as you go berserk!
You feel yourself moving faster!
You feel mighty!
You can no longer call upon Trog for regeneration and willpower.
Terence the Incautious comes into view.
He is wielding a +0 morningstar.
You block the orc's attack. 😎 HP[+14]
You now have 43 max hp (+14).
Your hp is fully restored (43).
You claw the orc!
You kill the orc!
Trog accepts your kill.
You barely miss the hobgoblin. You claw the hobgoblin.
You kill the hobgoblin!
Trog accepts your kill.
You can now call upon Trog for regeneration and willpower.
An adder comes into view.
Items here: )) [[.
You feel a strong urge to attack something.
You are no longer berserk.
You are exhausted.
You feel yourself slow down.
Terence hits you with a +0 morningstar! 😮 HP[-25]
You now have 29 max hp (-14).
You take 25 damage, and now have 18/29 hp.
MASSIVE DAMAGE!! (PAUSE) It was a potion of flight.
You feel very buoyant.
You fly up into the air.
Terence closely misses you.
It was a potion of curing.
You feel better. The adder barely misses you. Terence misses you.
You block the adder's attack. Terence barely misses you. 😕 HP[+5]
You regained 5 hp, and now have 23/29 hp.
It was a potion of might.
You feel very mighty all of a sudden. The adder barely misses you.
Terence barely misses you. You block the adder's attack. 😕 HP[+1]
You scratch Terence. The adder closely misses you. Terence misses you.
The adder bites you.
You are poisoned.
The adder poisons you!
Terence screams, "I'm going to kill you!"
Terence barely misses you. 😮 HP[-4]
You take 4 damage, and now have 20/29 hp.
You scratch Terence.
You feel sick. You block the adder's attack.
Terence hits you with a +0 morningstar. The adder barely misses you. 😮 HP[-3]
You take 3 damage, and now have 17/29 hp.
You barely miss Terence.
You feel sick. You block the adder's attack.
Terence hits you with a +0 morningstar.
* * * LOW HITPOINT WARNING * * *
The adder bites you.
* * * LOW HITPOINT WARNING * * *
You are lethally poisoned!
The adder poisons you! Terence hits you with a +0 morningstar.
* * * LOW HITPOINT WARNING * * *
😱 HP[-16]
You take 16 damage, and now have 1/29 hp.
MASSIVE DAMAGE!! (PAUSE)
You claw Terence!
You die...

Skill      XL: |  1  2  3 |
---------------+----------+-----
Unarmed Combat | 1 2 |  2.5
Fighting       | |  3.5
Polearms       | |  2.6
Armour         | |  1.7
Dodging        | |  1.7

Action                   || total
-------------------------++-------
Melee: Spear             ||    17
       Unarmed           ||    92
       Punch             ||     1
Invok: Berserk           ||     6
  Use: Potion            ||     3
       Scroll            ||     1
 Stab: Sleeping          ||     1
Armor: Animal skin       ||     8
Dodge: Dodged            ||    80
Block: Other             ||    16

Levels and vault maps discovered:
D:1:      spicycebolla_arrival_teleporter_tutorial, layout_rooms, minivault_19,
          minmay_tromino_v2
D:2:      layout_basic, roderic_lattice_a, dreamdust_wishing_well, uniq_terence,
          uniq_crazy_yiuf_cottage

Notes
Turn   | Place    | Note
-------+----------+-------------------------------------------
     0 | D:1      | spaghetti the Demonspawn Berserker began the quest for the
                  | Orb.
     0 | D:1      | Reached XP level 1. HP: 18/18 MP: 1/1
     0 | D:1      | magus.rc [v1.9.6]
   224 | D:1      | Gained mutation: You have sharp fingernails. [demonic
                  | ancestry]
   224 | D:1      | Reached XP level 2. HP: 24/24 MP: 2/2
   258 | D:1      | magus.rc [v1.9.6]
   258 | D:1      | magus.rc [v1.9.6]
   263 | D:1      | You pick up a book of Displacement {forbidden} and begin
                  | reading...
   263 | D:1      | You add the spells Lesser Beckoning, Gell's Gravitas and
                  | Teleport Other to your library.
   458 | D:1      | Reached skill level 1 in Unarmed Combat
   613 | D:1      | Gained mutation: A meltable shield of frost defends you.
                  | (SH +4) [demonic ancestry]
   613 | D:1      | Reached XP level 3. HP: 23/29 MP: 3/3
   732 | D:1      | You pick up a book of Party Tricks {forbidden} and begin
                  | reading...
   732 | D:1      | You add the spells Apportation and Alistair's Intoxication
                  | to your library.
   865 | D:1      | Reached skill level 2 in Unarmed Combat
  1430 | D:2      | Reached ** piety under Trog
  1431 | D:2      | Noticed Terence
  1442 | D:2      | HP: 7/29 [adder (3)]
  1442 | D:2      | HP: 1/29 [Terence/+0 morningstar (6)]
  1443 | D:2      | Succumbed to an adder's poison

Vanquished Creatures
  3 dart slugs (D:1)
  2 orcs (D:2)
  4 ball pythons (D:1)
  4 bats (D:1)
  3 endoplasms (D:1)
  A giant cockroach (D:1)
  6 goblins (D:1)
  5 hobgoblins
  3 jackals (D:1)
  2 quokkas (D:1)
  3 kobolds (D:1)
  5 rats
41 creatures vanquished.

Table legend:
 A = Non-vault XP
 B = Vault XP
 C = Vault XP percentage of total XP
 D = Non-vault monster count
 E = Vault monster count
 F = Vault count percentage of total count
                 A         B        C        D         E       F
            +---------+---------+-------+---------+---------+-------
      Total |      74 |       6 |   7.5 |      39 |       2 |   4.9
            +---------+---------+-------+---------+---------+-------
        D:1 |      63 |       6 |   8.7 |      34 |       2 |   5.6
        D:2 |      11 |       0 |   0.0 |       5 |       0 |   0.0
            +---------+---------+-------+---------+---------+-------

Illustrated notes

Table legend:
 A = Kills in this place as a percentage of kills in entire the game.
 B = Kills by you in this place as a percentage of kills by you in the entire game.
 C = Kills by friends in this place as a percentage of kills by friends in the entire game.
 D = Other kills in this place as a percentage of other kills in the entire game.
 E = Experience gained in this place as a percentage of experience gained in the entire game.
 F = Experience gained in this place divided by the number of levels of this place that you have seen.
                   A       B       C       D       E      F
               +-------+-------+-------+-------+-------+----------------------
         Total | 100.0 | 100.0 |   N/A |   N/A | 100.0 |  40.0
       Dungeon | 100.0 | 100.0 |   N/A |   N/A | 100.0 |  40.0
               +-------+-------+-------+-------+-------+----------------------

Table legend: (Time is in decaauts)
 A = Elapsed time spent in this place.
 B = Non-inter-level travel time spent in this place.
 C = Inter-level travel time spent in this place.
 D = Time resting spent in this place.
 E = Time spent auto-exploring this place.
 F = Levels seen in this place.
 G = Mean time per level.
                   A        B        C        D        E       F      G
               +--------+--------+--------+--------+--------+-----+--------+
         Total |   1493 |   1464 |     29 |    650 |    568 |   2 |  746.5 |
       Dungeon |   1493 |   1464 |     29 |    650 |    568 |   2 |  746.5 |
               +--------+--------+--------+--------+--------+-----+--------+

Top non-repeatable levels by time:
     D:1: 1384 daAuts
     D:2: 108 daAuts
